 Dungeon Crawl Stone Soup version 0.27-a0-1139-g28e009f8a6 (webtiles) character file.

Game seed: 4061573970715947412

1423 HoaS the Cruncher (level 8, -6/41 (44) HPs)
             Began as a Tengu Gladiator on May 7, 2021.
             Mangled by a wight
             ... wielding a +5 battleaxe
              (10 damage)
             ... on level 6 of the Dungeon.
             The game lasted 00:07:57 (5201 turns).

HoaS the Cruncher (Tengu Gladiator)                 Turns: 5201, Time: 00:07:57

HP:   -6/41 (44)    AC: 10    Str: 22    XL:     8   Next: 72%
MP:   9/9           EV:  8    Int:  9    God:
Gold: 359           SH:  0    Dex: 16    Spells: 7/7 levels left

rFire    . . .     SeeInvis .   a - +0 quarterstaff
rCold    . . .     Faith    .   (shield currently unavailable)
rNeg     . . .     Spirit   .   s - +0 plate armour
rPois    .         Reflect  .   c - +0 hat
rElec    .         Harm     .   o - scarf {repulsion}
rCorr    +         Rampage  .   (no gloves)
Will     .....                  (boots unavailable)
Stlth    ..........             e - amulet of the acrobat
HPRegen  0.13/turn              l - ring of resist corrosion
MPRegen  0.11/turn              r - +6 ring of strength

@: flying quickly and evasively, drained, repel missiles, quick
A: beak, talons 3, nimble flight
a: no special abilities


You were on level 6 of the Dungeon.
You visited 1 branch of the dungeon, and saw 6 of its levels.

You collected 359 gold pieces.

Inventory:

Hand Weapons
 a - a +0 quarterstaff (weapon)
 v - a +0 shortbow
Missiles
 d - 3 throwing nets
 g - 31 poisoned darts
 j - 83 arrows
 k - 4 boomerangs (quivered)
Armour
 c - a +0 hat (worn)
 o - a scarf of repulsion (worn)
 s - a +0 plate armour (worn)
Jewellery
 e - an amulet of the acrobat (around neck)
 l - a ring of resist corrosion (left hand)
 r - a +6 ring of strength (right hand)
Wands
 f - a wand of iceblast (7)
 n - a wand of charming (7)
 x - a wand of polymorph (6)
 y - a wand of digging (3)
Scrolls
 i - 5 scrolls of teleportation
Potions
 b - a potion of heal wounds {unknown}
 h - 3 potions of lignification {unknown}
 m - a potion of curing {unknown}
 p - a potion of magic {unknown}
 q - 4 potions of might {unknown}
 t - a potion of mutation {unknown}
 u - 3 potions of haste {unknown}
 w - a potion of flight {unknown}


   Skills:
 - Level 2.0 Fighting
 + Level 11.7 Staves
 - Level 2.0 Throwing
 - Level 3.2 Dodging


You had 7 spell levels left.
You didn't know any spells.
Your spell library contained the following spells:

 Spells                   Type           Power      Damage    Failure   Level
 Animate Skeleton         Necr           0%         N/A       100%        1
 Apportation              Tloc           0%         N/A       100%        1
 Corona                   Hex            0%         N/A       100%        1
 Summon Small Mammal      Summ           0%         N/A       100%        1


Dungeon Overview and Level Annotations

Branches:
Dungeon (6/15)
 Temple: D:4-7

Altars:
Gozag
Xom

Shops:
D:5 (


Innate Abilities, Weirdness & Mutations

You have a beak for a mouth.
You have claws for feet.
Your magical nature lets you fly swiftly and evasively.


Message History

You peck the wight, but do no damage.
The wight hits you with a +0 short sword.
You thump the wight! You claw the wight, but do no damage. You peck the wight.
The wight is almost destroyed.
The wight hits you but does no damage.
You thump the wight!
You destroy the wight!
Found a scroll of immolation.
You sock the adder!
You kill the adder!
You swing at nothing.
You hit the wight but do no damage. The wight hits you with a +4 falchion!
You feel drained.
You hit the wight but do no damage. Your kick misses the wight.
The wight hits you with a +4 falchion.
You hit the wight. You claw the wight!
The wight is severely damaged.
You hit the wight but do no damage. You claw the wight.
You destroy the wight!
Your life force feels restored.
The wight barely misses you.
Things that are here:
a +4 falchion; a +0 robe; an adder corpse You hit the wight.
The wight is lightly damaged.
The wight hits you with a +5 battleaxe!
You feel drained.
You closely miss the wight. You claw the wight, but do no damage.
The wight is lightly damaged.
The wight hits you with a +5 battleaxe!
* * * LOW HITPOINT WARNING * * *
You feel drained.
You hit the wight but do no damage. Your kick misses the wight.
The wight is lightly damaged.
You hit the wight but do no damage.
The wight is lightly damaged.
The wight closely misses you.
You closely miss the wight.
The wight is lightly damaged.
The wight hits you with a +5 battleaxe!
You die...

...........+........#..#
...#
...........#........#..#
...#
..##..##..##..##...#####
..##..##..##+###...######
.........<...............
.........................
.###.###..##.............
####+# #..##....z........
..+ ....##..##@##..##..
..# .....##+###.# #'# ..
..# .............# .# .##
.###..##.....# .' ##
##+##.# ## #.# ... ?..
...


You could see a wight.

Vanquished Creatures
  Sigmund (D:3)
  Eustachio (D:5)
  A sky beast (D:6)
  A necrophage (D:4)
  2 ogres
  2 centaurs
  A kobold brigand (D:6)
  A scorpion (D:5)
  A wyvern zombie (D:5)
  2 wights (D:6)
  2 jellies (D:5)
  A hound (D:5)
  3 orc wizards
  4 gnolls (D:4)
  6 adders
  A white imp (D:5)
  2 worms (D:4)
  3 dart slugs
  9 orcs
  3 ball pythons
  6 bats
  5 endoplasms
  5 giant cockroaches
  7 goblins
  2 hobgoblins
  9 kobolds
  3 quokkas
  7 frilled lizards (D:1)
  A jackal skeleton (D:4)
  7 rats
99 creatures vanquished.

Notes
Turn   | Place    | Note
-------+----------+-------------------------------------------
     0 | D:1      | HoaS the Tengu Gladiator began the quest for the Orb.
     0 | D:1      | Reached XP level 1. HP: 12/12 MP: 2/2
   145 | D:1      | Reached XP level 2. HP: 11/17 MP: 3/3
   155 | D:1      | Reached skill level 4 in Staves
   712 | D:1      | Found a faded altar of an unknown god.
   946 | D:2      | Reached XP level 3. HP: 17/21 MP: 4/4
  1019 | D:2      | You fall into a shaft and drop 1 floor!
  1109 | D:3      | Noticed Sigmund
  1227 | D:2      | Reached skill level 5 in Staves
  1410 | D:2      | Reached XP level 4. HP: 26/26 MP: 5/5
  2107 | D:3      | Killed Sigmund
  2108 | D:3      | Reached skill level 7 in Staves
  2108 | D:3      | Gained mutation: Your magical nature lets you fly swiftly
                  | and evasively. [Tengu growth]
  2108 | D:3      | Reached XP level 5. HP: 23/30 MP: 6/6
  2108 | D:3      | Reached XP level 6. HP: 27/35 MP: 7/7
  2486 | D:3      | Found an opulent altar of Gozag.
  2931 | D:4      | Found a shimmering altar of Xom.
  3249 | D:4      | Noticed a necrophage
  3258 | D:4      | Killed a necrophage
  3259 | D:4      | Reached skill level 8 in Staves
  3332 | D:4      | Reached XP level 7. HP: 27/40 MP: 8/8
  3562 | D:5      | Entered Level 5 of the Dungeon
  3658 | D:5      | Noticed Eustachio
  3680 | D:5      | Killed Eustachio
  3681 | D:5      | Reached skill level 9 in Staves
  3846 | D:5      | Found Tucanank's Weapon Shoppe.
  3916 | D:5      | Reached skill level 10 in Staves
  3916 | D:5      | Reached XP level 8. HP: 20/44 MP: 9/9
  4836 | D:6      | Reached skill level 11 in Staves
  5201 | D:6      | Mangled by a wight

Illustrated notes

Levels and vault maps discovered:
D:1:      dpeg_arrival_tiny_k, layout_rooms, ebering_ecumenical_altar_hall,
          minmay_misc_feat_hallway, minmay_lizard_pond
D:2:      layout_rooms, kennysheep_generic_room_12
D:3:      layout_loops_ring, lemuel_tele_altar, uniq_sigmund
D:4:      layout_gridville, nicolae_overflow_crystal_walls,
          minmay_crystal_water, kennysheep_generic_room_15
D:5:      layout_cave_pools, serial_park, serial_park_tiny_pond,
          serial_park_tiny_1, serial_park_avenue1, serial_shops, shop,
          minmay_quadrilaterals, uniq_eustachio
D:6:      layout_gridville, vehumet_statue, temple_hall_moat, minmay_crossroads

Skill      XL: |  1  2  3  4  5  6  7  8 |
---------------+-------------------------+-----
Staves         | 4 5 7 8 10 11 | 11.7
Fighting       | |  2.0
Throwing       | |  2.0
Dodging        | |  3.2

Action                   |  1- 3 |  4- 6 |  7- 9 || total
-------------------------+-------+-------+-------++-------
Melee: Quarterstaff      |    82 |    85 |   107 ||   274
       Kick              |    20 |    27 |    44 ||    91
       Peck              |     6 |    15 |    31 ||    52
Throw: Dart              |       |     5 |     1 ||     6
       Throwing net      |       |     3 |       ||     3
       Boomerang         |       |     7 |     9 ||    16
  Use: Scroll            |     4 |     1 |     1 ||     6
 Stab: Sleeping          |     1 |       |       ||     1
       Held in net/web   |       |     2 |       ||     2
Armor: Leather armour    |    12 |     1 |       ||    13
       Chain mail        |       |    21 |     6 ||    27
       Plate armour      |       |       |    43 ||    43
Dodge: Dodged            |    59 |    57 |    59 ||   175
       Repelled          |       |       |     1 ||     1

Table legend: (Time is in decaauts)
 A = Elapsed time spent in this place.
 B = Non-inter-level travel time spent in this place.
 C = Inter-level travel time spent in this place.
 D = Time resting spent in this place.
 E = Time spent auto-exploring this place.
 F = Levels seen in this place.
 G = Mean time per level.
                   A        B        C        D        E       F      G
               +--------+--------+--------+--------+--------+-----+--------+
         Total |   5031 |   4782 |    249 |   1810 |   2273 |   6 |  838.5 |
       Dungeon |   5031 |   4782 |    249 |   1810 |   2273 |   6 |  838.5 |
               +--------+--------+--------+--------+--------+-----+--------+

Top non-repeatable levels by time:
     D:4: 981 daAuts
     D:1: 945 daAuts
     D:5: 931 daAuts
     D:2: 838 daAuts
     D:3: 758 daAuts
     D:6: 575 daAuts
